 Dungeon Crawl Stone Soup version 0.01-2199-g510b736d67 (webtiles) character file.

Game seed: 6959368535863806843, levelgen mode: deterministic

3332 MisterOstroum the Skirmisher (level 9, -2/79 HPs) Blue Draconian Demonspawn. Began on July 20, 2020. Was a Priest of Makhleb. Slain by a red ugly thing (11 damage) ... on level 4 of the Dungeon. The game lasted 00:30:41 (7130 turns).

MisterOstroum the Skirmisher (DrDs)                 Turns: 7130, Time: 00:30:42

Health: -2/79      AC: -4    Str: 19    XL:     9 ^: 768
Magic:  14/14      EV:  8    Int: 13    God:    Makhleb [3* [86]]
Gold:   132        SH: 15    Dex: 11    Spells: 9/15 levels left

rFire    + . .     Vision   .   a - +0 hunting sling
rCold    + . .     Gourm    .   b - +2 scutum {rF+}
rNeg     . . .     Faith    .   (armour unavailable)
rPois    .         Spirit   .   (helmet restricted)
rElec    +         Reflect  .   (no cloak)
rCorr    .         Harm     .   (no gloves)
MR       .....                  (no boots)
Stlth    +++.......             (no amulet)
HPRegen  0.36/turn              (no ring)
MPRegen  0.24/turn              (no ring)

@: corroded, very slightly contaminated
A: no body armour, unfitting armour, cold resistance 1, nightstalker 1,
cold-blooded, freezing cloud immunity, air enhancer 1, rElec, AC +8
a: Breathe Lightning, Minor Destruction, Lesser Servant of Makhleb, Renounce
Religion


You were on level 4 of the Dungeon.
You worshipped Makhleb.
Makhleb was most pleased with you.
You were not hungry.

You visited 2 branches of the dungeon, and saw 6 of its levels.

You collected 297 gold pieces.
You spent 165 gold pieces at shops.

Inventory:

Weapons
 a - a +0 hunting sling (weapon)
 c - a +0 hand crossbow Shields
 b - a +2 scutum of fire resistance (shield)
 v - a +0 heater shield
Jewellery
 p - an uncursed ring of magical power
Wands
 h - a wand of hasting (5)
 n - a wand of polymorph (11)
 q - a wand of flame (20)
Scrolls
 f - a scroll of enchantment
 i - a scroll of immolation
 k - a scroll of fear {!r}
 l - a scroll of magic mapping {@r5 !r}
 s - 2 scrolls of blinking {@r4}
 x - a scroll of teleportation {@r3 !r}
Potions
 d - 2 potions of heal wounds {@q2 !q}
 g - a potion of cancellation
 j - 4 potions of lignification {@q6}
 m - 3 potions of curing {@q1 !q}
 o - a potion of ambrosia
 r - 2 potions of agility {@q5 !q}
 t - 2 potions of mutation
 u - a potion of resistance
 z - a potion of invisibility
Comestibles
 e - 16 rations


   Skills:
 + Level 7.4 Fighting
 - Level 3.5 Slings
 + Level 3.4 Dodging
 - Level 1.3 Stealth
 + Level 4.3 Shields
 - Level 5.0 Unarmed Combat
 - Level 3.8 Spellcasting
 - Level 1.4 Fire Magic
 * Level 7.3 Invocations
 - Level 3.0 Evocations


You had 9 spell levels left.
You knew the following spells:

 Your Spells              Type           Power        Failure   Level  Hunger
a - Flame Tongue          Fire           6 (40)       91%         1    None
c - Mephitic Cloud        Pois/Air       3 (100)      100%        3    ###....
B - Blink                 Tloc           N/A          99%         2    ##.....

Your spell library contained the following spells:

 Spells                   Type           Power        Failure   Level  Hunger
 Call Imp                 Summ           2 (100)      99%         2    ##.....
 Slow                     Hex            2 (100)      99%         2    ##.....
 Conjure Flame            Fire           6 (100)      100%        3    ###....


Dungeon Overview and Level Annotations

Branches:
Dungeon (5/8)              Temple (1/1) D:4
   Lair: D:5

Altars:
Ashenzari
Cheibriados
Dithmenos
Elyvilon
Gozag Ym Sagoz
Hepliaklqana
Kikubaaqudgha
Makhleb
Nemelex Xobeh
Okawaru
Qazlal
Ru
Sif Muna
Trog
Uskayaw
Vehumet
Wu Jian
Xom
Yredelemnul
Zin
The Shining One

Shops:
D:3 *:[

Annotations:
D:4 exclusion: 2 doors


Innate Abilities, Weirdness & Mutations

You cannot fit into any form of body armour.
Your flickering blue scales are hard. (AC +8)
You can breathe wild blasts of lightning You are cold resistant. (rC+)
You are slightly more attuned to the shadows.
You are cold-blooded and may be slowed by cold attacks.
You are immune to freezing clouds.
You are in touch with the powers of the air.
Your flickering blue scales grant you resistance to electric shocks. (rElec)


Message History

Anything else - Cancel.
Gang up on whom?
Press: ? - help, Dir - move target cursor, f - brown ugly thing
Aim: a brown ugly thing (moderately wounded (51/67)) Attack!
Your quasit bites the brown ugly thing (2).
Your quasit claws the brown ugly thing (2).
Your quasit claws the brown ugly thing (1).
The brown ugly thing blocks your quasit's attack.
Your quasit barely misses the brown ugly thing (0). x2
The brown ugly thing blocks your quasit's attack.
Your quasit closely misses the brown ugly thing (0).
Your quasit claws the brown ugly thing but does no damage.
Okay, then.
Unknown command.
Press: ? - help, Shift-Dir - straight line, p - brown ugly thing
Okay, then.
Press: ? - help, Shift-Dir - straight line, f/p - brown ugly thing
Aim: a brown ugly thing (moderately wounded (49/67))
The zap hits the brown ugly thing (1).
The brown ugly thing is moderately wounded. (48/67) HP Your quasit bites the brown ugly thing but does no damage.
Your quasit closely misses the brown ugly thing (0).
Your quasit claws the brown ugly thing but does no damage.
Your neqoxec gestures.
The brown ugly thing tentacle-slaps your ufetubus (9)!
Your ufetubus dies!
Your quasit bites the brown ugly thing (1).
Your quasit barely misses the brown ugly thing (0).
The brown ugly thing blocks your quasit's attack.
Press: ? - help, Shift-Dir - straight line, f/p - brown ugly thing
Aim: a brown ugly thing (moderately wounded (47/67))
The zap hits the brown ugly thing (3).
The brown ugly thing is moderately wounded. (44/67) HP Your quasit bites the brown ugly thing but does no damage.
Your quasit barely misses the brown ugly thing (0).
The brown ugly thing blocks your quasit's attack.
The brown ugly thing misses your neqoxec (0).
Okay, then.
Unknown command.
Your quasit barely misses the brown ugly thing (0). x2
Your quasit claws the brown ugly thing but does no damage.
Press: ? - help, Shift-Dir - straight line, f/p - brown ugly thing
Aim: a brown ugly thing (moderately wounded (45/67))
The stone arrow hits the brown ugly thing (6).
The brown ugly thing is heavily wounded. (39/67) HP
Press: ? - help, Shift-Dir - straight line, f/p - brown ugly thing
Aim: a brown ugly thing (heavily wounded (40/67))
The puff of flame hits the brown ugly thing (1).
The brown ugly thing is heavily wounded. (39/67) HP Your quasit bites the brown ugly thing but does no damage.
Your quasit claws the brown ugly thing but does no damage.
Your quasit closely misses the brown ugly thing (0).
Press: ? - help, Shift-Dir - straight line, f/p - brown ugly thing
Aim: a brown ugly thing (heavily wounded (39/67))
The puff of flame hits the brown ugly thing but does no damage (0).
The brown ugly thing is heavily wounded. (39/67) HP You block the brown ugly thing's attack.
The brown ugly thing blocks your neqoxec's attack.
Press: ? - help, Shift-Dir - straight line, f/p - brown ugly thing
Aim: a brown ugly thing (heavily wounded (40/67))
The puff of flame hits the brown ugly thing but does no damage (0).
The brown ugly thing is heavily wounded. (40/67) HP Your neqoxec is no longer covered in acid.
Your quasit barely misses the brown ugly thing (0).
Your quasit claws the brown ugly thing (2).
Your quasit claws the brown ugly thing but does no damage.
The brown ugly thing tentacle-slaps you (5).
* * * LOW HITPOINT WARNING * * *
You are splashed with acid (7)!
* * * LOW HITPOINT WARNING * * *
Really quaff
d - 3 potions of heal wounds {@q2 !q}?
You feel much better.
Your quasit bites the brown ugly thing (1).
Your quasit claws the brown ugly thing (1).
Your quasit claws the brown ugly thing but does no damage.
The brown ugly thing tentacle-slaps you (14)!
* * * LOW HITPOINT WARNING * * *
You are splashed with acid (9)!
* * * LOW HITPOINT WARNING * * *
Your neqoxec gestures at the brown ugly thing.
The brown ugly thing basks in the mutagenic energy and changes!
Your quasit bites the red ugly thing (2).
Your quasit claws the red ugly thing but does no damage.
Your quasit barely misses the red ugly thing (0).
Your quasit bites the red ugly thing (3).
Your quasit claws the red ugly thing but does no damage.
Your quasit closely misses the red ugly thing (0).
You see here a +0 flail.
Unknown command.
Unknown command.
Evoke which item? (* to show all) (? for menu, Esc to quit)
Aiming: Haste Other Wand
Press: ? - help, Shift-Dir - straight line, f - neqoxec, p - red ugly thing
Aim: a neqoxec (healthy (33/33), friendly, summoned)
Your neqoxec seems to speed up.
The red ugly thing tentacle-slaps you (3).
* * * LOW HITPOINT WARNING * * *
You are engulfed in flames (11)!
You resist.
You die...

..# #...)# ###..#####....##.. ..#
####.### #...)# ##.#.....# ..#
#...## #.##.####..###.### #.##
###..###)##.#....#.>..... #..#
##..##.##...####†####.. ...#
###..............# ##.
##.########.......#.######## #.
.........##.#..#)<#.############.
.........#..3...@.)..............
.........###..#u.....############
.........###..5.##.#.##
............3#####.#..#
#####..##.....# #.##.### #
#..#....†.####.##...### ####
#.......#.)....####...# #...
####..>..........# ###.####.##
###.§......##......# #.[....#


You could see a red ugly thing, 2 friendly neqoxecs and a friendly quasit.

Vanquished Creatures
  Harold (D:4)
  2 slime creatures (D:2)
  A phantom (D:4)
  2 ice beasts (D:4)
  An orc warrior (D:4)
  2 ogres
  4 big kobolds
  A crocodile (D:2)
  5 bullfrogs
  2 scorpions (D:4)
  3 wights (D:4)
  A crimson imp (D:4)
  2 orc priests (D:4)
  2 hounds
  6 jellies (D:2)
  An iguana (D:4)
  2 orc wizards
  10 worker ants
  A wyvern skeleton (D:4)
  2 bullfrog zombies
  A bullfrog skeleton (D:4)
  2 shadow imps
  13 adders
  3 gnolls (D:3)
  11 sewer rats (D:2)
  3 white imps
  6 cinder newts (D:2)
  3 worms
  6 oozes
  A hound skeleton (D:3)
  2 dart slugs (D:1)
  3 leopard geckos
  18 orcs
  An adder skeleton (D:2)
  4 bats
  2 cinder newt skeletons (D:2)
  10 giant cockroaches
  3 goblins (D:1)
  2 hobgoblins (D:1)
  2 jackals (D:4)
  3 quokkas (D:4)
  7 ball pythons
  A goblin skeleton (D:2)
  12 kobolds
  A leopard gecko skeleton (D:3)
  2 orc skeletons (D:2)
  2 rats (D:1)
  3 withered plants (D:2)
178 creatures vanquished.

Vanquished Creatures (collateral kills)
  A bullfrog (D:4)
1 creature vanquished.

Vanquished Creatures (others)
  A wight (D:4)
  An orc priest (D:3)
  A hound (D:4)
  A jelly (D:2)
  A shadow imp (D:3)
  4 sewer rats (D:2)
  A worm (D:2)
  3 oozes (D:2)
  2 leopard geckos
  3 orcs (D:3)
  A bat (D:2)
  A giant cockroach (D:2)
  2 jackals (D:4)
  9 kobolds
  A leopard gecko skeleton (D:3)
  A quokka skeleton (D:2)
  2 giant blowflies (D:2)
  2 plants (D:4)
  A slimehead (D:2)
  106 withered plants (D:2)
144 creatures vanquished.

Grand Total: 323 creatures vanquished

Notes
Turn   | Place    | Note
-------+----------+-------------------------------------------
     0 | D:1      | MisterOstroum the Immature Draconian Demonspawn began the
                  | quest for the Orb.
     0 | D:1      | Reached XP level 1. HP: 18/18 MP: 4/4
   290 | D:1      | Gained mutation: You are cold resistant. (rC+) [demonic
                  | ancestry]
   290 | D:1      | Reached XP level 2. HP: 25/25 MP: 5/5
   301 | D:1      | Reached skill level 1 in Slings
   569 | D:2      | Reached XP level 3. HP: 31/31 MP: 7/7
   701 | D:2      | Noticed a big kobold
   930 | D:1      | Killed a big kobold
   930 | D:1      | Reached XP level 4. HP: 30/39 MP: 8/8
  1077 | D:2      | Found a burning altar of Makhleb.
  1119 | D:2      | Reached skill level 1 in Shields
  1221 | D:2      | Became a worshipper of Makhleb the Destroyer
  1259 | D:2      | Gained mutation: You are immune to freezing clouds.
                  | [demonic ancestry]
  1259 | D:2      | Reached XP level 5. HP: 43/46 MP: 9/9
  1677 | D:2      | Gained mutation: You are slightly more attuned to the
                  | shadows. [demonic ancestry]
  1677 | D:2      | Reached XP level 6. HP: 52/52 MP: 10/10
  1861 | D:2      | Noticed a slime creature
  2017 | D:2      | Reached * piety under Makhleb
  2278 | D:2      | Your scales start taking on a flickering blue colour.
  2278 | D:2      | Reached XP level 7. HP: 50/60 MP: 11/11
  2278 | D:2      | Gained mutation: Your flickering blue scales grant you
                  | resistance to electric shocks. (rElec) [Blue Draconian
                  | growth]
  2278 | D:2      | Gained mutation: You are in touch with the powers of the
                  | air. [Blue Draconian growth]
  2331 | D:2      | Reached skill level 5 in Fighting
  2739 | D:2      | Learned a level 2 spell: Blink
  2743 | D:2      | Learned a level 3 spell: Mephitic Cloud
  3111 | D:2      | Reached XP level 8. HP: 56/69 MP: 9/12
  3224 | D:2      | Reached ** piety under Makhleb
  3224 | D:2      | Reached skill level 5 in Unarmed Combat
  4033 | D:3      | Reached skill level 1 in Fire Magic
  4236 | D:3      | Found Soeq's Armour Shoppe.
  4339 | D:3      | Found Siedghoops's Book Shoppe.
  4848 | D:3      | Found Xaipniaq's Assorted Antiques.
  4966 | D:3      | Bought a runed bronze wand for 112 gold pieces
  4966 | D:3      | Bought a puce potion for 25 gold pieces
  4966 | D:3      | Bought a scroll labeled XER IJ HOHA for 28 gold pieces
  5357 | D:4      | Reached *** piety under Makhleb
  5373 | D:4      | Reached skill level 1 in Evocations
  5905 | D:4      | Reached XP level 9. HP: 41/78 MP: 14/14
  6122 | D:4      | Reached skill level 5 in Invocations
  6500 | D:4      | Found a staircase to the Ecumenical Temple.
  6508 | Temple   | Entered the Ecumenical Temple
  6747 | D:4      | Noticed Harold
  6774 | D:4      | Killed Harold
  6934 | D:5      | Entered Level 5 of the Dungeon
  6934 | D:5      | Noticed a deep elf mage
  6934 | D:5      | Noticed a brown ugly thing
  7130 | D:4      | Slain by a red ugly thing

Levels and vault maps discovered:
D:1:      dpeg_arrival_tiny_i, layout_rooms, minmay_misc_feat_more_columns,
          minmay_tromino_v4_a
D:2:      layout_sewer, first_ration, basic_altar
D:3:      layout_basic, serial_shops, nicolae_shop_statue_plus, shop_coins, shop
D:4:      layout_rooms, lemuel_temple_firewalk_b, blue_anna_alchemist
          [blue_anna_fruit_fields, blue_anna_fruit_fields], uniq_harold
D:5:      layout_big_octagon, erik_lair_orcish_takeover,
          minmay_tree_intersection, uniq_maggie, uniq_snorg, uniq_fannar
Temple:   kilobyte_greek_temple

Skill      XL: |  1  2  3  4  5  6  7  8  9 |
---------------+----------------------------+-----
Slings         | 1 2 3 |  3.5
Fighting       | 3 4 5 6 7 |  7.4
Shields        | 1 2 3 4 |  4.3
Unarmed Combat | 2 3 4 5 |  5.0
Spellcasting   | 3 |  3.8
Fire Magic     | 1 |  1.4
Evocations     | 1 3 |  3.0
Invocations    | 4 7 |  7.3
Dodging        | 3 |  3.4
Stealth        | |  1.3

Action                   |  1- 3 |  4- 6 |  7- 9 || total
-------------------------+-------+-------+-------++-------
Melee: Unarmed           |   135 |   170 |   393 ||   698
       Tailslap          |     7 |    12 |    52 ||    71
 Fire: Hunting sling     |   119 |       |   246 ||   365
       Hand crossbow     |       |    94 |    11 ||   105
Throw: Bone              |     1 |       |     1 ||     2
       Rusty metal       |       |     1 |     1 ||     2
       Stone             |       |       |     6 ||     6
       Skull             |       |       |     1 ||     1
 Cast: Flame Tongue      |       |     3 |    21 ||    24
Invok: Minor Destruction |       |       |   165 ||   165
       Lesser Servant of |       |       |     3 ||     3
 Abil: Breathe Dart      |     2 |     1 |       ||     3
       Breathe Lightning |       |       |    16 ||    16
Evoke: Wand              |       |       |     1 ||     1
  Use: Potion            |     1 |       |     1 ||     2
       Scroll            |       |       |     1 ||     1
  Eat: Chunk             |       |     4 |    20 ||    24
Armor: Skin              |    42 |    39 |    83 ||   164
Dodge: Dodged            |    53 |    51 |   147 ||   251
Block: Heater shield     |    26 |    62 |   124 ||   212
       Scutum            |       |       |    68 ||    68
